 Dungeon Crawl Stone Soup version 0.30-a0-862-g1aabd4f9c5 (webtiles) character file.

Game seed: 10897545641942658345

21 iguanaiguana the Sneak (level 2, 0/21 HPs)
             Began as an Armataur Ice Elementalist on Mar 9, 2023.
             Slain by a centaur zombie (2 damage)
             ... in an ossuary.
             The game lasted 00:02:19 (298 turns).

iguanaiguana the Sneak (Armataur Ice Elementalist)   Turns: 298, Time: 00:02:20

Health: 0/21       AC:  7    Str:  9 (13) XL:     2   Next: 65%
Magic:  4/4        EV:  6    Int: 11 (15) God:
Gold:   42         SH:  0    Dex:  8 (12) Spells: 3/4 levels left

rFire   . . .      SeeInvis .    i - +0 short sword (vamp)
rCold   + . .      Faith    .    (no shield)
rNeg    . . .      Spirit   .    e - +1 scale mail "Osunget" {rC+ Will+ Dex+2}
rPois   .          Reflect  .    (no helmet)
rElec   .          Roll     +    (no cloak)
rCorr   .                        (no gloves)
Will    .....                    (no barding)
Stlth   +                        (no amulet)
HPRegen 0.23/turn                (no ring)
MPRegen 0.09/turn                (no ring)

@: weak-willed
A: large, rugged brown scales 3, deformed body, armoured tail, roll, long
tongue, awkward tongue
a: no special abilities


You were in an ossuary.
You visited 1 branch of the dungeon, and saw 4 of its levels.
You also visited: Ossuary.

You collected 42 gold pieces.

Inventory:

Hand Weapons
 g - a +0 club
 i - a +0 vampiric short sword (weapon)
Missiles
 c - 3 poisoned darts (quivered)
Armour
 a - a +0 robe
 e - the +1 scale mail "Osunget" (worn) {rC+ Will+ Dex+2}
   (You found it on level 3 of the Dungeon)

   Dex:       It affects your dexterity (+2).
   rC:        It protects you from cold.
   Will:      It increases your willpower.
Potions
 b - a potion of magic


   Skills:
 - Level 1.3 Dodging
 + Level 3.9 Stealth
 - Level 1.7 Spellcasting
 - Level 3.6 Ice Magic


You had 3 spell levels left.
You knew the following spells:

 Your Spells              Type           Power      Damage    Failure   Level
a - Freeze                Ice            32%        1d5       52%         1

Your spell library contained the following spells:

 Spells                   Type           Power      Damage    Failure   Level
 Frozen Ramparts          Ice            16%        1d3       87%         3
 Ozocubu's Armour         Ice            8%         N/A       87%         3
 Lesser Beckoning         Tloc           0%         N/A       98%         2
 Gell's Gravitas          Tloc           0%         N/A       100%        3
 Teleport Other           Tloc           0%         N/A       100%        3
 Summon Ice Beast         Ice/Summ       4%         N/A       100%        4


Dungeon Overview and Level Annotations

Branches:
Dungeon (4/15) Zot: 23727 Ossuary (1/1) Zot: 5974
 Temple: D:4-7

Altars:


Innate Abilities, Weirdness & Mutations

You are completely covered in rugged brown scales. (AC +3, +7% HP)
Armour fits poorly on your strangely shaped body.
You have a long armoured tail.
You roll when moving toward enemies. (Rampage)
Your long tongue fully drains potion bottles. (2x potion effects)
Your tongue gives you trouble enunciating. (1.5x scroll delay)


Message History

You roll towards the gnoll zombie!
Found 20 gold pieces.
The centaur zombie attacks as you move away!
The centaur zombie kicks you.
* * * LOW HITPOINT WARNING * * *
Found 30 gold pieces.
The centaur zombie attacks as you move away!
The centaur zombie kicks you.
* * * LOW HITPOINT WARNING * * *
Found 28 gold pieces.
Found 57 gold pieces.
Found 141 gold pieces.
Found 19 gold pieces.
You aren't carrying any items that you can evoke.
Okay, then.
You slurp down every last drop of the orange potion!
It was a potion of degeneration.
There was something very wrong with that liquid.
You feel weakened.
You feel dopey.
You feel clumsy. The centaur zombie hits you.
* * * LOW HITPOINT WARNING * * *
Okay, then.
You hit the centaur zombie. You tail-slap the centaur zombie.
The centaur zombie is moderately damaged.
The centaur zombie hits you.
* * * LOW HITPOINT WARNING * * *
The centaur zombie kicks you.
* * * LOW HITPOINT WARNING * * *
You aren't carrying any items that you can evoke.
Okay, then.
As you slowly read the scroll labelled UMUPUOL KEDAUREU, it crumbles to dust.
Magic quickly surges around you.
It was a scroll of vulnerability.
As you slowly read the scroll labelled ZUBLUPIWIX, it crumbles to dust.
You hear the flapping of tiny wings.
The orc zombie is knocked back by the sudden gust.
The centaur zombie is knocked back by the sudden gust.
It was a scroll of butterflies.
The centaur zombie kicks you.
* * * LOW HITPOINT WARNING * * *
The centaur zombie hits you.
You die...

#...........#
##.....Z...##
#...........#
##...ZZZ...##
#....ZZZZ...#
#####ZZZ#####
##Z## #Z# #@#


#bbb# #bbbbb# #bbbbb# #$bb$b# ##bb$## ##### You could see 3 goblin zombies, 2
hobgoblin zombies, 4 gnoll zombies, 2 orc zombies and a centaur zombie
(weak-willed, ally target).

Vanquished Creatures
  A mummy (D:4)
  An endoplasm (D:1)
  A giant cockroach (D:1)
  A goblin (D:3)
  A quokka (D:1)
  A ball python (D:1)
  2 frilled lizards
  A kobold (D:4)
  A kobold zombie (D:4)
10 creatures vanquished.

Notes
Turn   | Place    | Note
-------+----------+-------------------------------------------
     0 | D:1      | iguanaiguana the Armataur Ice Elementalist began the quest
                  | for the Orb.
     0 | D:1      | Reached XP level 1. HP: 14/14 MP: 3/3
   173 | D:3      | Identified the +1 scale mail "Osunget" {rC+ Will+ Dex+2}
   230 | D:4      | Reached XP level 2. HP: 21/21 MP: 4/4
   264 | D:4      | Found a sand-covered staircase.
   274 | Ossuary  | Entered an ossuary
   298 | Ossuary  | Slain by a centaur zombie

Illustrated notes

Levels and vault maps discovered:
D:1:      onia_arrival_pyramid, layout_loops_ring, minmay_distorted
D:2:      layout_loops_cross, minmay_hedge_maze, uniq_robin,
          uniq_crazy_yiuf_cottage
D:3:      layout_loops_ring
D:4:      layout_cave_pods, minmay_temple_entry_large_hall,
          nicolae_ossuary_entry_giza, uniq_sigmund
Ossuary:  minmay_ossuary_gauntlet

Skill      XL: |  1 |
---------------+----+-----
Stealth        | 3 |  3.9
Dodging        | |  1.3
Spellcasting   | |  1.7
Ice Magic      | |  3.6

Action                     || total
---------------------------++-------
  Melee: Unarmed           ||    25
         Tailslap          ||     5
         Club              ||     2
         Short sword       ||    14
   Cast: Freeze            ||     5
    Use: Scroll            ||     2
         Potion            ||     1
 Armour: Robe              ||    10
         Scale mail        ||    19
  Dodge: Dodged            ||    23

Table legend: (Time is in decaauts)
 A = Elapsed time spent in this place.
 B = Non-inter-level travel time spent in this place.
 C = Inter-level travel time spent in this place.
 D = Time resting spent in this place.
 E = Time spent auto-exploring this place.
 F = Levels seen in this place.
 G = Mean time per level.
                   A        B        C        D        E       F      G
               +--------+--------+--------+--------+--------+-----+--------+
         Total |    297 |    286 |     11 |      0 |      0 |   5 |   59.4 |
       Dungeon |    272 |    261 |     11 |      0 |      0 |   4 |   68.0 |
       Ossuary |     24 |     24 |      0 |      0 |      0 |   1 |   24.0 |
               +--------+--------+--------+--------+--------+-----+--------+

Top non-repeatable levels by time:
     D:3: 134 daAuts
     D:1: 77 daAuts
     D:4: 52 daAuts
 Ossuary: 24 daAuts
     D:2: 8 daAuts
